 Dungeon Crawl Stone Soup version 0.30-a0-782-ge64f9170bb (webtiles) character file.

Game seed: 16451938920014979303

317 rigao the Trooper (level 6, -1/40 HPs)
             Began as a Gargoyle Cinder Acolyte on Feb 25, 2023.
             Was an Elder of Ignis.
             Slain by a wight
             ... wielding a +3 trident of freezing
              (3 damage)
             ... on level 4 of the Dungeon.
             The game lasted 00:08:05 (3607 turns).

rigao the Trooper (Gargoyle Cinder Acolyte)         Turns: 3607, Time: 00:08:05

Health: -1/40      AC: 10    Str: 20    XL:     6   Next: 44%
Magic:  2/7        EV: 10    Int: 14    God:    Ignis [****..]
Gold:   22         SH:  0    Dex:  5    Spells: 5/7 levels left

rFire   + . .      SeeInvis .    c - +0 whip
rCold   . . .      Faith    .    (no shield)
rNeg    + . .      Spirit   .    r - +0 ring mail
rPois   ∞          Reflect  .    (no helmet)
rElec   +          Harm     .    (no cloak)
rCorr   .          Rampage  .    (no gloves)
Will    .....                    q - +0 pair of boots Stlth
                                 (no amulet)
HPRegen 0.26/turn                (no ring)
MPRegen 0.10/turn                (no ring)

@: no status effects
A: sickness immunity, AC +4, negative energy resistance 1, electricity
resistance, torment resistance 1, petrification resistance
a: Renounce Religion, Fiery Armour, Foxfire Swarm, Rising Flame


You were on level 4 of the Dungeon.
You worshipped Ignis.
Ignis was greatly pleased with you.
You visited 1 branch of the dungeon, and saw 4 of its levels.

You collected 110 gold pieces.
You spent 88 gold pieces at shops.

Inventory:

Hand Weapons
 a - a -1 mace of flaming
 c - a +0 whip (weapon)
Armour
 b - a +0 robe
 q - a +0 pair of boots (worn)
 r - a +0 ring mail (worn)
Wands
 o - a wand of polymorph (6)
Scrolls
 d - a scroll of teleportation
 h - a scroll of fog
 i - a scroll of identify {unknown}
 j - a scroll of amnesia {unknown}
 k - a scroll of magic mapping {unknown}
 m - a scroll of butterflies {unknown}
Potions
 e - a potion of brilliance {unknown}
 f - 2 potions of might {unknown}
 g - a potion of magic {unknown}
 l - a potion of heal wounds
 n - a potion of mutation {unknown}
 p - a potion of curing


   Skills:
 + Level 5.2 Fighting
 + Level 4.8 Maces & Flails
 + Level 0.4 Armour
 - Level 1.0 Spellcasting
 + Level 4.4 Fire Magic


You had 5 spell levels left.
You knew the following spells:

 Your Spells              Type           Power      Damage    Failure   Level
a - Scorch                Fire           26%        2d6       11%         2

Your spell library contained the following spells:

 Spells                   Type           Power      Damage    Failure   Level
 Kiss of Death            Conj/Necr      0%         2d5       41%         1
 Magic Dart               Conj           0%         1d3       41%         1
 Call Imp                 Summ           0%         N/A       54%         2
 Confusing Touch          Hex            0%         N/A       78%         3
 Mephitic Cloud           Conj/Pois/Air  0%         N/A       78%         3
 Flame Wave               Conj/Fire      6%         2d5       87%         4
 Dispel Undead            Necr           0%         3d6       99%         4
 Summon Cactus Giant      Summ           0%         N/A       100%        6


Dungeon Overview and Level Annotations

Branches:
Dungeon (4/15)
 Temple: D:4-7

Altars:

Shops:
D:3 !!([(


Innate Abilities, Weirdness & Mutations

You are immune to sickness and miasma.
Your stone body is resilient. (AC +4)
You are immune to poison.
You resist negative energy. (rN+)
You are resistant to electric shocks. (rElec)
You are resistant to unholy torment.
You are immune to petrification.


Message History

The wight freezes you.
You closely miss the wight.
The wight is almost destroyed.
The wight hits you with a +3 trident of freezing!
The wight freezes you.
You barely miss the wight.
The wight is almost destroyed.
The wight closely misses you.
You hit the wight but do no damage.
The wight is almost destroyed.
The wight barely misses you.
You hit the wight but do no damage.
The wight is almost destroyed.
You barely miss the wight. You punch the wight, but do no damage.
The wight is almost destroyed.
The wight hits you with a +3 trident of freezing!
The wight freezes you.
You are too injured to fight recklessly!
You hit the wight but do no damage.
The wight is almost destroyed.
The wight barely misses you.
You hit the wight but do no damage.
The wight is almost destroyed.
The wight closely misses you.
You hit the wight but do no damage.
The wight is almost destroyed.
The wight is no longer more vulnerable to fire.
The wight hits you with a +3 trident of freezing.
The wight freezes you.
* * * LOW HITPOINT WARNING * * *
You hit the wight but do no damage.
The wight is almost destroyed.
The wight hits you but does no damage.
Okay, then.
Unknown command.
The wight attacks as you move away! The wight closely misses you.
The wight hits you from afar with a +3 trident of freezing!
* * * LOW HITPOINT WARNING * * *
The wight freezes you.
You die...

# ##.....# ..## #
#.....). ....# #
#....... ....# #
#......# #...# .
#......#######..#
# #.....##...#...#
#
.##.....##...#...'
$.....z.@....'...#
........##'####..#
.##.....##.<.##.>#
########.......##
.##
#..........<....'
...
#.....#######...#
.g. #.....# #..##
.## ####### #..# #
#..# #


You could see a wight.

Vanquished Creatures
  2 wights (D:3)
  A hound (D:4)
  An iguana (D:3)
  2 orc wizards (D:3)
  A gnoll (D:1)
  4 adders
  A shadow imp (D:3)
  2 worms
  7 orcs (D:3)
  5 bats
  An endoplasm (D:4)
  2 giant cockroaches
  A goblin (D:2)
  4 hobgoblins
  3 kobolds
  4 quokkas
  9 ball pythons
  3 frilled lizards
  4 rats (D:1)
57 creatures vanquished.

Vanquished Creatures (others)
  56 foxfires
56 creatures vanquished.

Grand Total: 113 creatures vanquished

Notes
Turn   | Place    | Note
-------+----------+-------------------------------------------
     0 | D:1      | rigao the Gargoyle Cinder Acolyte began the quest for the
                  | Orb.
     0 | D:1      | Reached XP level 1. HP: 14/14 MP: 2/2
    86 | D:1      | Found a faded altar of an unknown god.
   289 | D:1      | Reached XP level 2. HP: 15/19 MP: 3/3
   881 | D:1      | Learned a level 2 spell: Scorch
  1240 | D:2      | Reached skill level 4 in Fighting
  1240 | D:2      | Reached XP level 3. HP: 16/24 MP: 4/4
  1599 | D:2      | Reached XP level 4. HP: 24/29 MP: 5/5
  1892 | D:3      | Found Tin Qodi's Distillery.
  2121 | D:3      | Found Fet Ikun's Distillery.
  2126 | D:3      | Bought a potion of heal wounds for 55 gold pieces
  2376 | D:3      | Found Dudi's Weapon Boutique.
  2381 | D:3      | Found Oskogeq's Armour Emporium.
  2559 | D:3      | Found Waesulox's Antique Weapon Shoppe.
  2563 | D:3      | Reached XP level 5. HP: 34/34 MP: 1/6
  2907 | D:3      | Bought a potion of curing for 33 gold pieces
  3126 | D:3      | Reached skill level 5 in Fighting
  3126 | D:3      | Reached XP level 6. HP: 14/40 MP: 1/7
  3607 | D:4      | HP: 2/40 [wight/+3 trident of freezing (9)]
  3607 | D:4      | Slain by a wight

Illustrated notes

Levels and vault maps discovered:
D:1:      wheals_arrival_linesprint, layout_loops_ring, basic_ecumenical_altar
D:2:      layout_rooms, hangedman_abyss_or_decor_stabs, roderic_roman_lattice
D:3:      layout_rooms, serial_shops,
          nicolae_shop_temple_entry_statues_fountains,
          nicolae_shop_advertising_works [nicolae_subvault_shop_adworks],
          nicolae_shop_crystal, nicolae_shop_hallway_plus,
          nicolae_shop_bloodbath_and_beyond
D:4:      layout_gridville

Skill      XL: |  1  2  3  4  5 |
---------------+----------------+-----
Fighting       | 4 5 |  5.2
Maces & Flails | 4 |  4.8
Fire Magic     | 4 |  4.4
Armour         | |  0.4
Spellcasting   | |  1.0

Action                     |  1- 3 |  4- 6 || total
---------------------------+-------+-------++-------
  Melee: Whip              |   108 |    79 ||   187
         Mace              |     2 |       ||     2
         Punch             |       |     1 ||     1
   Cast: Scorch            |       |    37 ||    37
 Invoke: Foxfire Swarm     |     1 |     2 ||     3
    Use: Scroll            |     1 |     1 ||     2
 Armour: Robe              |    36 |    18 ||    54
         Ring mail         |       |     1 ||     1
  Dodge: Dodged            |    60 |    48 ||   108

Table legend: (Time is in decaauts)
 A = Elapsed time spent in this place.
 B = Non-inter-level travel time spent in this place.
 C = Inter-level travel time spent in this place.
 D = Time resting spent in this place.
 E = Time spent auto-exploring this place.
 F = Levels seen in this place.
 G = Mean time per level.
                   A        B        C        D        E       F      G
               +--------+--------+--------+--------+--------+-----+--------+
         Total |   3593 |   3272 |    321 |    719 |   1971 |   4 |  898.2 |
       Dungeon |   3593 |   3272 |    321 |    719 |   1971 |   4 |  898.2 |
               +--------+--------+--------+--------+--------+-----+--------+

Top non-repeatable levels by time:
     D:3: 1320 daAuts
     D:1: 1169 daAuts
     D:2: 700 daAuts
     D:4: 402 daAuts
